AoeStats
← кислород

Arabian Desert

508917362Analyzed
1v1 RM · 7d ago on Sep 24, 2026· 28m 25s· 2 players
Game mode
Random Map
Map size
Tiny (2 player)
Population
200
Speed
Normal
Resources
Standard
Victory
Conquest
Starting age
Dark Age
Ending age
Imperial Age
RankedLock teamsTeams togetherTeam positionsShared explorationLock speedFull tech treeHidden civsTurbo modeCheats
Victory
Defeat
🇦🇷 Varangians · Argentina
2435
+4
🇨🇦 Khitans · Canada
2094
-4
кислород
6:58 Loom
10:07 Feudal Age
10:51 Double-Bit Axe
15:07 Domestication
19:03 Forging
20:04 Scale Barding Armor
26:44 Castle Age
26:57 Light Cavalry
28:50 Iron Casting
DS_Biry
6:38 Loom
10:01 Feudal Age
10:03 Man-at-Arms
12:42 Double-Bit Axe
15:20 Fletching
16:18 Horse Collar
20:00 Scale Mail Armor
20:39 Bloodlines
22:49 Forging
23:45 Scale Barding Armor
24:43 Wheelbarrow
30:56 Castle Age
Connection lost

Rejoining the realm…

Still unreachable

The connection could not be restored.

Session expired

The server has moved on; the page needs a fresh start.